 Dungeon Crawl Stone Soup version 0.21.1-1-g345015f (webtiles) character file.

81327 Grib the Tortoise (level 15, -4/72 HPs)
             Began as a Gargoyle Earth Elementalist on June 4, 2018.
             Was the Champion of Zin.
             Killed from afar by a starcursed mass (8 damage)
             ... with an accursed screaming
             ... on level 2 of the Abyss on June 15, 2018.
             The game lasted 07:37:11 (34520 turns).

Grib the Tortoise (Gargoyle Earth Elementalist)    Turns: 34520, Time: 07:37:12

Health: -4/72      AC: 34    Str: 11    XL:     15   Next: 70%
Magic:  25/43      EV: 11    Int: 32    God:    Zin [******]
Gold:   476        SH:  0    Dex: 18    Spells: 30/45 levels left

rFire    + . .     SeeInvis +   m - +11 dagger of the Mind {venom, rPois Dex+2 SInv}
rCold    + . .     Gourm    .   (no shield)
rNeg     + . .     Faith    .   W - +4 ring mail {MR+}
rPois    ∞         Spirit   .   M - +1 helmet
rElec    +         Reflect  .   O - +0 cloak
rCorr    .         Harm     .   i - +3 pair of gloves of Masochism {rPois Str-4 Int+2 Dex+4}
MR       +....     Clarity  +   y - +2 pair of boots
Stlth    ++........             r - amulet of magic regeneration
HPRegen  0.22/turn              s - ring "Suicof" {+Blink rC+ MR- MP+9 Int+4}
MPRegen  0.53/turn              T - +6 ring of intelligence

@: vitalised, about to teleport, flying
A: big wings, clarity, deformed body, fire resistance 1, negative energy
resistance 1, electricity resistance, unbreathing, petrification resistance, rot
immunity, AC +11
a: Stop Flying, Recite, Vitalisation, Imprison, Sanctuary, Donate Gold, Renounce
Religion, Evoke Blink


You were on level 2 of the Abyss.
You worshipped Zin.
Zin was exalted by your worship.
You were not hungry.

You visited 5 branches of the dungeon, and saw 21 of its levels.
You visited the Abyss 1 time.
You also visited: Ice Cave.

You collected 2696 gold pieces.
You spent 1359 gold pieces at shops.
You donated 861 gold pieces to Zin.

Inventory:

Hand Weapons
 m - the +11 dagger of the Mind (weapon) {venom, rPois Dex+2 SInv}
   (You found it on level 8 of the Dungeon)

   It poisons the flesh of those it strikes.
   It affects your dexterity (+2).
   It protects you from poison.
   It lets you see invisible.
 K - a +0 quarterstaff of protection
Missiles
 b - 175 stones (quivered)
Armour
 i - the +3 pair of gloves of Masochism (worn) {rPois Str-4 Int+2 Dex+4}
   (You found it on level 3 of the Lair of Beasts)

   It affects your strength (-4).
   It affects your intelligence (+2).
   It affects your dexterity (+4).
   It protects you from poison.
 y - a +2 pair of boots (worn)
 D - a +2 robe of positive energy
 F - a +1 leather armour of cold resistance
 M - a +1 helmet (worn)
 O - a +0 cloak (worn)
 W - a +4 ring mail of magic resistance (worn)
Jewellery
 k - an uncursed ring of ice
 r - an amulet of magic regeneration (around neck)
 s - the ring "Suicof" (left hand) {+Blink rC+ MR- MP+9 Int+4}
   (You bought it in a shop on level 2 of the Orcish Mines)

   [ring of intelligence]

   It affects your intelligence (+4).
   It protects you from cold.
   It affects your resistance to hostile enchantments.
   It affects your magic capacity (+9).
   It lets you blink.
 w - an uncursed ring of see invisible
 z - an uncursed ring of fire
 S - an uncursed ring of positive energy
 T - a +6 ring of intelligence (right hand)
Wands
 f - a wand of enslavement (10)
 A - a wand of iceblast (16)
 B - a wand of acid (6)
 C - a wand of digging (43)
 G - a wand of paralysis (10)
Scrolls
 g - 5 scrolls of remove curse
 j - 4 scrolls of immolation
 n - 4 scrolls of fog
 x - a scroll of identify
 E - a scroll of holy word
 I - 2 scrolls of enchant weapon
 J - a scroll of amnesia
 Q - 3 scrolls of magic mapping
Potions
 a - 2 potions of resistance
 c - a potion of mutation
 h - 3 potions of might
 l - 3 potions of agility
 o - 2 potions of berserk rage
 p - a potion of ambrosia
 q - 3 potions of cancellation
 u - a potion of magic
Books
 e - a book of Geomancy

   Spells                             Type                      Level
   a - Sandblast                      Earth                        1
   b - Passwall                       Transmutation/Earth          2
   c - Stone Arrow                    Conjuration/Earth            3
   d - Petrify                        Transmutation/Earth          4
   e - Lee's Rapid Deconstruction     Earth                        5
Miscellaneous
 v - a lightning rod (4/4)
 R - a sack of spiders
Comestibles
 d - 25 rations
 t - 4 chunks of flesh


   Skills:
 * Level 17.8 Armour
 - Level 1.5 Dodging
 - Level 2.1 Stealth
 * Level 15.5 Spellcasting
 - Level 0.7 Transmutations
 + Level 14.6 Earth Magic


You had 30 spell levels left.
You knew the following spells:

 Your Spells              Type           Power        Failure   Level  Hunger
a - Sandblast             Erth           ######       0%          1    None
b - Passwall              Tmut/Erth      ######....   1%          2    None
c - Stone Arrow           Conj/Erth      ######       1%          3    None
d - Petrify               Tmut/Erth      ######..     1%          4    None
e - Lee's Rapid Deconstr  Erth           #######...   1%          5    None


Dungeon Overview and Level Annotations

Branches:
Dungeon (11/15)            Temple (1/1) D:5            Lair (6/6) D:10
 Shoals (0/4) Lair:2       Spider (0/4) Lair:2        Slime (0/5) Lair:6
    Orc (2/2) D:11            Elf (1/3) Orc:2

Altars:
Ashenzari
Cheibriados
Dithmenos
Elyvilon
Fedhas
Gozag
Hepliaklqana
Kikubaaqudgha
Makhleb
Nemelex Xobeh
Okawaru
Qazlal
Ru
Sif Muna
Trog
Uskayaw
Vehumet
Wu Jian
Xom
Yredelemnul
Zin
The Shining One
Beogh

Shops:
D:8 !   D:11 [   Orc:1 (   Orc:2 =([(?

Annotations:
Orc:1 Donald


Innate Abilities, Weirdness & Mutations

You are resistant to torment.
Your stone body is resilient. (AC +11)
You are immune to poison.
Your large and strong wings let you fly indefinitely.
You resist negative energy. (rN+)
You are resistant to electric shocks. (rElec)
You can survive without breathing.
You are immune to petrification.
You are immune to rotting.
You possess an exceptional clarity of mind.
Armour fits poorly on your strangely shaped body.
Your flesh is heat resistant. (rF+)


Message History

You feel strangely unstable.
You feel the power of the Abyss delaying your translocation!
The smoke demon gestures at you. Something smites you!
* * * LOW HITPOINT WARNING * * *
Casting: Petrify
Confirm with . or Enter, or press ? or * to list all spells.
Okay, then.
You fail to use your ability.
The wraith hits you but does no damage.
The rakshasa weaves an illusion.
The wraith shimmers and seems to become two!
The starcursed mass shrieks in your mind.
Zin protects you from harm!
Casting: Petrify
Confirm with . or Enter, or press ? or * to list all spells.
Okay, then.
You fail to use your ability.
The wraith barely misses you. The wraith hits you but does no damage.
The starcursed mass shrieks in your mind.
You die...

..#...#.3#
..R .#...
..#§# ...
### (
###R# #. #
.#.# ###
.X#.
#.#..# ##
#.#.#
#WW3# #@#
###


You could see a starcursed mass, a rakshasa, a smoke demon and 2 wraiths.

Vanquished Creatures
  Aizul (Elf:1)
  Erolcha (D:9)
  Fannar (D:10)
  6 hydras
  The ghost of diana the Carver, a journeyman DsGl of Gozag (Orc:2)
  A catoblepas (Lair:5)
  Erica (D:9)
  4 two-headed ogres
  5 death yaks
  2 dancing weapons (Elf:1)
  7 orc high priests
  3 deep elf knights (Elf:1)
  2 unseen horrors
  9 deep elf magi (Elf:1)
  3 orc knights
  3 orc sorcerers
  A centaur zombie (D:8)
  A black mamba (Lair:5)
  Joseph (D:10)
  A worldbinder (Abyss:2)
  17 elephants
  3 ice statues
  A centaur skeleton (D:9)
  Psyche (D:11)
  31 spiny frogs
  A rime drake (Lair:6)
  A torpor snail (Lair:5)
  The ghost of Sapher the Grave Robber, a novice GnNe of Cheibriados (D:8)
  A komodo dragon (Lair:3)
  An efreet (Abyss:2)
  10 ice devils (IceCv)
  A polar bear (Lair:6)
  A jumping spider (Lair:2)
  7 trolls
  3 raiju (Abyss:2)
  6 slime creatures
  4 tyrant leeches
  22 blink frogs
  14 hippogriffs
  A snapping turtle (Lair:2)
  A spriggan (D:7)
  2 basilisks
  A wraith (D:9)
  A wyvern (D:9)
  25 yaks
  A hungry ghost (D:10)
  The ghost of Inarius the Firebug, an amateur DsFE of Vehumet (D:4)
  6 wargs
  6 vampire mosquitoes (Lair:6)
  2 hell hounds (Lair:2)
  11 water moccasins
  3 porcupines
  31 orc warriors
  2 phantoms (D:6)
  5 sky beasts
  2 black bears
  A necrophage (D:5)
  7 ice beasts
  13 ogres
  An eye of draining (D:8)
  5 centaurs
  A small abomination (Abyss:2)
  Blork the orc (D:6)
  12 crocodiles
  24 bullfrogs
  2 water moccasin zombies
  A water moccasin skeleton (D:5)
  3 scorpions
  13 wights
  10 killer bees
  4 howler monkeys
  3 electric eels
  5 crimson imps
  A quasit (D:5)
  3 bullfrog zombies
  2 bullfrog skeletons
  5 hounds
  22 orc priests
  3 jellies
  25 orc wizards
  5 iguanas
  Ijyb (D:5)
  5 hell rats (Lair:6)
  7 worker ants
  A hound zombie (D:6)
  15 adders
  11 gnolls
  A howler monkey skeleton (D:9)
  6 shadow imps
  8 white imps (IceCv)
  5 ufetubi (IceCv)
  2 oozes (D:3)
  2 adder skeletons
  A dart slug (D:1)
  3 worms
  2 leopard geckos
  84 orcs
  A ball python (D:7)
  7 bats
  7 giant cockroaches
  6 goblins
  8 hobgoblins
  5 jackals
  3 quokkas
  8 frilled lizards
  A jackal skeleton (D:6)
  3 kobolds
  A leopard gecko skeleton (D:2)
  2 leopard gecko zombies (D:5)
  A quokka skeleton (D:5)
  10 rats
  A plant (D:2)
671 creatures vanquished.

Vanquished Creatures (collateral kills)
  2 orc warriors (Orc:1)
  An ogre (Orc:1)
  2 orcs (Orc:1)
5 creatures vanquished.

Vanquished Creatures (others)
  A reaper (IceCv)
  A bullfrog (Lair:6)
  An orc wizard (Orc:2)
  2 white imps (IceCv)
  5 ufetubi (IceCv)
  9 fungi
  23 plants
42 creatures vanquished.

Grand Total: 718 creatures vanquished

Notes
Turn   | Place    | Note
-------+----------+-------------------------------------------
     0 | D:1      | Grib the Gargoyle Earth Elementalist began the quest for the Orb.
     0 | D:1      | Reached XP level 1. HP: 10/10 MP: 3/3
   253 | D:1      | Reached XP level 2. HP: 15/15 MP: 3/5
   285 | D:1      | Reached skill level 1 in Armour
   823 | D:2      | Reached XP level 3. HP: 19/19 MP: 6/6
   837 | D:2      | Learned a level 2 spell: Passwall
   841 | D:2      | Learned a level 3 spell: Stone Arrow
   847 | D:2      | Found an iron altar of Okawaru.
   978 | D:2      | Reached skill level 2 in Armour
  1306 | D:2      | Reached XP level 4. HP: 22/24 MP: 0/8
  1794 | D:2      | Reached XP level 5. HP: 26/28 MP: 6/9
  1797 | D:2      | Reached skill level 3 in Armour
  1819 | D:2      | Learned a level 4 spell: Petrify
  1855 | D:2      | Found a white marble altar of Elyvilon.
  2426 | D:3      | Found a shadowy altar of Dithmenos.
  2467 | D:3      | Found an opulent altar of Gozag.
  2479 | D:3      | Found a shattered altar of Ashenzari.
  3497 | D:4      | Noticed Ijyb
  3540 | D:4      | Noticed Inarius's ghost (amateur DsFE)
  3542 | D:5      | Entered Level 5 of the Dungeon
  3544 | D:5      | Killed Ijyb
  3544 | D:5      | Reached XP level 6. HP: 30/32 MP: 0/11
  3557 | D:5      | Found a staircase to the Ecumenical Temple.
  3573 | D:5      | You fall through a shaft for 2 floors!
  3628 | D:7      | Noticed a hippogriff
  3641 | D:7      | Found a radiant altar of Vehumet.
  3705 | D:8      | Noticed an ice beast
  3728 | D:8      | Noticed a hippogriff
  3731 | D:8      | Noticed a hippogriff
  3733 | D:8      | Noticed a hippogriff
  3734 | D:8      | Noticed an eye of draining
  4034 | D:9      | Reached skill level 4 in Armour
  4082 | D:9      | Reached skill level 5 in Armour
  4082 | D:9      | Reached skill level 5 in Earth Magic
  4082 | D:9      | Reached XP level 7. HP: 35/36 MP: 7/14
  4089 | D:9      | Learned a level 5 spell: Lee's Rapid Deconstruction
  4109 | D:9      | Gained mutation: You possess an exceptional clarity of mind. [potion of mutation]
  4109 | D:9      | Gained mutation: Armour fits poorly on your strangely shaped body. [potion of mutation]
  4109 | D:9      | Gained mutation: Your flesh is heat resistant. (rF+) [potion of mutation]
  4298 | D:9      | Reached skill level 5 in Spellcasting
  4782 | D:7      | Noticed a hippogriff
  4802 | D:6      | Reached XP level 8. HP: 22/41 MP: 2/16
  4821 | D:6      | Reached skill level 6 in Armour
  4841 | D:6      | Noticed Blork the orc
  5117 | D:8      | Reached skill level 7 in Armour
  5339 | D:6      | Killed Blork the orc
  5339 | D:6      | Reached XP level 9. HP: 45/45 MP: 3/19
  5633 | D:6      | Reached skill level 8 in Armour
  5874 | Temple   | Entered the Ecumenical Temple
  5925 | Temple   | Became a worshipper of Zin the Law-Giver
  5925 | Temple   | Reached * piety under Zin
  5925 | Temple   | Reached ** piety under Zin
  6807 | D:4      | Killed Inarius's ghost
  7307 | D:4      | Found an ornate altar of the Wu Jian Council.
  7518 | D:5      | Reached skill level 9 in Armour
  7561 | D:5      | Found a bloodstained altar of Trog.
  7702 | D:5      | Reached *** piety under Zin
  8344 | D:6      | Found a burning altar of Makhleb.
  8500 | D:6      | Reached XP level 10. HP: 45/50 MP: 7/22
  8811 | D:7      | Found a deep blue altar of Sif Muna.
  9261 | D:7      | Reached skill level 10 in Armour
  9709 | D:7      | Found a glowing golden altar of the Shining One.
  9784 | D:8      | Got a fine dagger
  9785 | D:8      | Identified the +11 dagger of the Mind {venom, rPois Dex+2 SInv} (You found it on level 8 of the Dungeon)
  9851 | D:8      | Noticed Sapher's ghost (novice GnNe)
  9861 | D:8      | Killed Sapher's ghost
 10241 | D:8      | Found a sparkling altar of Nemelex Xobeh.
 10301 | D:8      | Noticed a two-headed ogre
 10343 | D:8      | Killed a two-headed ogre
 10411 | D:8      | Found Ingioc's Distillery.
 10491 | D:8      | Bought a potion of heal wounds for 60 gold pieces
 10491 | D:8      | Bought a potion of brilliance for 48 gold pieces
 10491 | D:8      | Bought a potion of heal wounds for 60 gold pieces
 10491 | D:8      | Bought a potion of brilliance for 48 gold pieces
 10491 | D:8      | Bought a potion of brilliance for 48 gold pieces
 10491 | D:8      | Donated 161 gold pieces to Zin
 10509 | D:8      | Reached **** piety under Zin
 11011 | D:9      | Noticed Erica
 11021 | D:9      | Killed Erica
 11021 | D:9      | Reached skill level 11 in Armour
 11021 | D:9      | Reached XP level 11. HP: 46/54 MP: 6/24
 11374 | D:9      | Noticed a two-headed ogre
 11387 | D:9      | Killed a two-headed ogre
 11387 | D:9      | Reached skill level 10 in Spellcasting
 11622 | D:10     | Entered Level 10 of the Dungeon
 11628 | D:10     | Noticed Fannar
 11666 | D:10     | Noticed Erolcha
 11666 | D:10     | Noticed an unseen horror
 11817 | D:9      | Paralysed by Erolcha for 2 turns
 11826 | D:9      | Killed Erolcha
 11826 | D:9      | Reached skill level 10 in Earth Magic
 12170 | D:10     | Killed an unseen horror
 12170 | D:10     | Reached skill level 12 in Armour
 12184 | D:10     | Noticed a two-headed ogre
 12197 | D:10     | Killed a two-headed ogre
 12203 | D:10     | Noticed Joseph
 12315 | D:10     | Got a crude rapier
 12316 | D:10     | Identified the +7 rapier "Jakeicva" {venom, *Corrode +Fly rPois Stlth+} (You found it on level 10 of the Dungeon)
 12655 | D:10     | Killed Joseph
 13144 | D:10     | Found a staircase to the Lair.
 13187 | D:10     | Reached XP level 12. HP: 45/59 MP: 1/27
 13192 | D:10     | Donated 144 gold pieces to Zin
 13716 | D:10     | Killed Fannar
 13808 | Lair:1   | Entered Level 1 of the Lair of Beasts
 13834 | Lair:1   | Reached skill level 13 in Armour
 14167 | D:11     | Noticed a two-headed ogre
 14706 | Lair:1   | Noticed a five-headed hydra
 14726 | Lair:1   | Killed a five-headed hydra
 15538 | Lair:2   | Reached skill level 14 in Armour
 15554 | Lair:2   | Found a frozen archway.
 15561 | IceCv    | Entered an ice cave
 15726 | IceCv    | Killed a reaper
 16157 | IceCv    | Reached XP level 13. HP: 46/63 MP: 9/29
 16163 | IceCv    | Donated 111 gold pieces to Zin
 17837 | Lair:2   | Reached ***** piety under Zin
 18050 | Lair:2   | Got a shadowed robe
 18061 | Lair:2   | Identified the cursed +0 robe "Vyxugg" {Dex+5} (You found it on level 2 of the Lair of Beasts)
 18296 | Lair:2   | Found a staircase to the Shoals.
 18474 | Lair:2   | Found a hole to the Spider Nest.
 19314 | Lair:4   | Reached skill level 15 in Armour
 20180 | Lair:3   | Got a pair of smoking gloves
 20191 | Lair:3   | Identified the +3 pair of gloves of Masochism {rPois Str-4 Int+2 Dex+4} (You found it on level 3 of the Lair of Beasts)
 22702 | Lair:5   | Gained mutation: Your large and strong wings let you fly indefinitely. [Gargoyle growth]
 22702 | Lair:5   | Reached XP level 14. HP: 64/68 MP: 31/31
 22756 | Lair:5   | Donated 201 gold pieces to Zin
 23099 | Lair:6   | Entered Level 6 of the Lair of Beasts
 23116 | Lair:6   | Found a staircase to the Slime Pits.
 24258 | Lair:5   | Reached skill level 16 in Armour
 27374 | Lair:6   | Reached ****** piety under Zin
 28165 | D:11     | Found a staircase to the Orcish Mines.
 28165 | D:11     | Found Vatek's Armour Boutique.
 28235 | D:11     | Bought a +3 ring mail of magic resistance for 364 gold pieces
 28268 | D:11     | Noticed Psyche
 28279 | D:11     | Killed Psyche
 28710 | Orc:1    | Entered Level 1 of the Orcish Mines
 28729 | Orc:1    | Found Quaggopias's Weapon Shop.
 29028 | Orc:2    | Entered Level 2 of the Orcish Mines
 29039 | Orc:2    | Reached XP level 15. HP: 72/72 MP: 33/33
 29052 | Orc:2    | Reached skill level 17 in Armour
 29092 | Orc:2    | Found a staircase to the Elven Halls.
 29380 | Orc:2    | Noticed diana's ghost (journeyman DsGl)
 31026 | Orc:2    | Reached skill level 15 in Spellcasting
 31103 | Orc:2    | Noticed Donald
 31280 | Orc:1    | Found a roughly hewn altar of Beogh.
 31602 | Orc:1    | Zin protects you from harm!
 32924 | Orc:2    | Killed diana's ghost
 33188 | Orc:2    | Found a roughly hewn altar of Beogh.
 33428 | Orc:2    | Found Dacveg's Armour Shop.
 33428 | Orc:2    | Found Soomur's Jewellery Boutique.
 33429 | Orc:2    | Found Fahoalab's Weapon Boutique.
 33441 | Orc:2    | Found Viosmeag's Weapon Shop.
 33453 | Orc:2    | Bought the ring "Suicof" {+Blink rC+ MR- MP+9 Int+4} for 689 gold pieces
 33598 | Orc:2    | Found Poipnunk's Magic Scroll Shop.
 33624 | Orc:2    | Bought a scroll of teleportation for 42 gold pieces
 33701 | Elf:1    | Entered Level 1 of the Elven Halls
 33794 | Elf:1    | Found a radiant altar of Vehumet.
 34081 | Elf:1    | Noticed Aizul
 34118 | Elf:1    | Killed Aizul
 34365 | Elf:1    | Noticed a deep elf sorcerer
 34367 | Elf:1    | Cast into level 2 of the Abyss (a deep elf sorcerer)
 34500 | Abyss:2  | Found a corrupted altar of Lugonu.
 34518 | Abyss:2  | HP: 3/72 [smoke demon/divine providence (13)]
 34519 | Abyss:2  | Zin protects you from harm!
 34520 | Abyss:2  | Killed from afar by a starcursed mass

Skill      XL: |  1  2  3  4  5  6  7  8  9 10 11 12 13 14 15 |
---------------+----------------------------------------------+-----
Armour         | 1 2 3 5 7 9 11 12 14 15 16 17 | 17.8
Earth Magic    | 4 5 7 8 9 10 11 12 13 14 | 14.6
Spellcasting   | 3 4 5 6 8 9 11 12 13 14 15 | 15.5
Dodging        | |  1.5
Stealth        | |  2.1
Transmutations | |  0.7

Action                   |  1- 3 |  4- 6 |  7- 9 | 10-12 | 13-15 || total
-------------------------+-------+-------+-------+-------+-------++-------
Melee: Dagger            |    16 |       |   104 |   235 |   464 ||   819
       Spear             |    42 |   223 |   102 |       |       ||   367
       Trident           |       |       |    54 |    76 |       ||   130
 Cast: Sandblast         |    28 |    75 |    52 |   120 |   263 ||   538
       Stone Arrow       |       |    13 |    81 |   110 |   488 ||   692
       Passwall          |       |     1 |       |     5 |       ||     6
       Petrify           |       |       |       |    69 |   211 ||   280
       Lee's Rapid Decon |       |       |       |    61 |    61 ||   122
Invok: Recite            |       |       |    10 |     8 |     6 ||    24
       Donate Gold       |       |       |       |     2 |     2 ||     4
       Vitalisation      |       |       |       |     8 |    16 ||    24
       Imprison          |       |       |       |     1 |       ||     1
       Sanctuary         |       |       |       |       |     1 ||     1
 Abil: Fly               |       |       |       |       |     1 ||     1
       Evoke Blink       |       |       |       |       |     2 ||     2
Evoke: Wand              |       |       |       |    28 |    52 ||    80
       Lightning rod     |       |       |       |       |     6 ||     6
       Sack of spiders   |       |       |       |       |     5 ||     5
  Use: Scroll            |     2 |     4 |     5 |     9 |    17 ||    37
       Potion            |       |     1 |     6 |    15 |     9 ||    31
 Stab: Sleeping          |     3 |     1 |     1 |       |     2 ||     7
       Distracted        |     1 |       |       |     1 |       ||     2
       Confused          |       |       |     2 |       |       ||     2
       Petrified         |       |       |       |    81 |   159 ||   240
       Paralysed         |       |       |       |       |     2 ||     2
  Eat: Chunk             |     1 |     8 |     8 |    24 |    31 ||    72
       Ration            |       |     1 |     3 |     5 |     9 ||    18
Armor: Robe              |    22 |    20 |       |   110 |       ||   152
       Ring mail         |       |   103 |   195 |   118 |   581 ||   997
       Skin              |       |       |       |       |     1 ||     1
Dodge: Dodged            |    23 |   147 |   175 |   258 |   480 ||  1083
